Map: Triton LE

Players

Silky

  • Race: Zerg Zerg
  • Spawn Location: 5:00

Cyan - Winner!

  • Race: Protoss Protoss
  • Spawn Location: 11:00

VOD

Have the link to the VOD?

Description

Time

  • Played on: Sept. 6, 2019, 8:45 p.m.
  • Length: 7:21
Show
View Real Time Build Order
Export as new Build Order

Silky Zerg 

Build Orders: Hatch First 

Get SALT Encoding   

  12  0:01  Drone  
  13  0:13  Overlord  
  13  0:17  Drone  
  14  0:31  Drone  
  14  0:32  Drone  
  16  0:47  Hatchery  
  15  0:50  Drone  
  15  0:53  Drone  
  17  0:57  Drone  
  18  1:08  Extractor  
  17  1:13  Spawning Pool  
  17  1:15  Drone  
  17  1:19  Drone  
  18  1:29  Drone  
  19  1:40  Drone  
  20  1:50  Overlord  
  20  1:59  Queen x2  
  20  2:00  Zergling x2  
  20  2:01  Zergling x2  
  26  2:10  Drone  
  26  2:12  Drone  
  28  2:22  Drone x2  
  30  2:34  Hatchery  
  30  2:35  Drone x2  
  31  2:38  Pneumatized Carapace  
  31  2:43  Overlord  
  31  2:49  Metabolic Boost  
  31  2:50  Drone  
  32  2:57  Drone x2  
  34  3:09  Drone x2  
  34  3:11  Queen  
  38  3:13  Drone x3  
  41  3:23  Overlord  
  41  3:25  Drone x3  
  44  3:30  Overlord  
  44  3:45  Spore Crawler, Drone  
  44  3:46  Queen  
  44  3:47  Overlord  
  46  3:50  Queen  
  46  3:52  Drone x3  
  46  3:54  Spore Crawler  
  50  3:59  Zergling x6  
  53  4:04  Drone x3  
  53  4:07  Zergling x2  
  56  4:12  Spore Crawler, Drone x2  
  56  4:13  Zergling x2  
  58  4:17  Overlord  
  56  4:30  Drone x7  
  59  4:35  Lair  
  59  4:37  Drone  
  59  4:38  Drone  
  61  4:42  Roach Warren  
  61  4:45  Drone x2  
  61  4:54  Drone x5  
  62  5:02  Extractor  
  62  5:03  Extractor  
  62  5:04  Drone  
  62  5:06  Overlord  
  61  5:07  Overlord  
  61  5:22  Roach x2  
  61  5:23  Zergling x2  
  61  5:24  Overlord x2  
  61  5:25  Roach x3  
  61  5:27  Roach  
  74  5:31  Zergling x2, Roach x2  
  74  5:32  Zergling x6  
  80  5:37  Zergling x6  
  80  5:47  Queen x2  
  78  5:51  Drone x5  
  77  5:58  Drone  
  77  5:59  Drone x2  
  71  6:07  Roach x2  
  66  6:24  Roach x3  
  67  6:33  Zergling x6  
  67  6:37  Zergling x4  
  69  6:40  Zergling x4  
  69  6:43  Zergling x2  
  69  6:47  Zergling x4  
  74  6:49  Zergling x2  
  74  6:51  Ravager  
  74  6:53  Zergling x4  
  78  6:57  Zergling x6  
  78  7:00  Zergling x2  
  82  7:03  Zergling x4  
Show
View Real Time Build Order
Export as new Build Order

Cyan Protoss - Winner!

Build Orders: 1 Gate Expand, Oracle Opening, Phoenix Opening 

Get SALT Encoding   

  12  0:00  Probe  
  13  0:13  Probe  
  14  0:18  Pylon  
  14  0:24  Probe  
  15  0:32  Probe  
  15  0:38  Gateway  
  15  0:40  Probe  
  16  0:47  Assimilator  
  17  0:51  Probe  
  18  1:03  Probe  
  19  1:15  Probe  
  20  1:24  Nexus  
  20  1:33  Cybernetics Core  
  20  1:37  Probe  
  21  1:42  Assimilator  
  21  1:49  Probe  
  21  1:52  Pylon  
  22  2:00  Adept  
  22  2:01  Probe  
  23  2:13  Probe  
  23  2:15  Stargate  
  26  2:25  Warp Gate, Probe  
  26  2:29  Adept  
  27  2:32  Probe  
  27  2:33  Probe  
  30  2:40  Probe  
  30  2:41  Probe  
  31  2:50  Probe  
  33  2:52  Probe  
  33  2:58  Phoenix  
  37  3:03  Probe  
  37  3:04  Probe  
  37  3:05  Pylon  
  39  3:13  Oracle  
  39  3:15  Probe  
  39  3:16  Probe  
  41  3:22  Gateway  
  44  3:27  Probe  
  44  3:28  Probe, Zealot  
  48  3:34  Twilight Council  
  32  3:41  Resonating Glaives  
  48  3:42  Gateway  
  48  3:46  Gateway  
  48  3:48  Probe x2  
  49  3:52  Pylon  
  50  3:57  Assimilator  
  50  4:00  Probe  
  50  4:01  Probe  
  52  4:12  Probe  
  52  4:13  Probe  
  52  4:16  Adept x2  
  58  4:29  Nexus  
  56  4:31  Pylon  
  56  4:38  Assimilator  
  51  4:41  Pylon, Adept x2  
  54  4:46  Probe x2  
  54  4:51  Adept  
  54  4:52  Adept  
  60  4:58  Probe x2  
  60  5:01  Adept x2  
  60  5:05  Robotics Facility  
  64  5:10  Probe  
  64  5:14  Adept x2  
  69  5:18  Probe  
  70  5:23  Adept x2  
  70  5:26  Pylon  
  70  5:27  Probe  
  75  5:30  Probe  
  76  5:39  Probe  
  76  5:42  Robotics Facility  
  77  5:43  Probe  
  77  5:47  Sentry x4  
  77  5:48  Probe  
  79  6:00  Immortal  
  79  6:14  Gateway  
  79  6:15  Gateway  
  79  6:16  Shield Battery, Gateway  
  79  6:17  Immortal, Pylon  
  77  6:19  Gateway  
  77  6:20  Sentry x2  
  77  6:21  Sentry  
  77  6:23  Probe x3  
  84  6:32  Immortal  
  86  6:40  Shield Battery x2  
  86  6:46  Adept x2  
  94  6:50  Shield Battery, Adept  
  94  6:53  Adept  
  98  6:57  Pylon  
  98  7:06  Adept  
  98  7:07  Adept  
  104  7:09  Pylon  
  104  7:10  Adept  
  104  7:13  Adept  
Tags
 
Add a new tag
Caveats
  • Supply blocks, unpowered buildings, or Contaminate may cause inaccurate times.
  • Supply counts are checked every 10 seconds.